 Dungeon Crawl Stone Soup version 0.28.0-53-g5a82cb258f (webtiles) character file.

Game seed: 8776653348617743940

219 GigaChad the Slasher (level 5, -1/46 HPs)
             Began as a Minotaur Gladiator on Aug 21, 2022.
             Was a Follower of Okawaru.
             Slain by an orc
             ... wielding a +0 mace
              (2 damage)
             ... on level 4 of the Dungeon.
             The game lasted 00:08:25 (3581 turns).

GigaChad the Slasher (Minotaur Gladiator)           Turns: 3581, Time: 00:08:26

Health: -1/46      AC:  6    Str: 19    XL:     5   Next: 64%
Magic:  4/4        EV: 10    Int:  7    God:    Okawaru [*.....]
Gold:   92         SH:  0    Dex: 11    Spells: 4/4 levels left

rFire   . . .      SeeInvis .   a - +0 long sword
rCold   . . .      Faith    .   (no shield)
rNeg    . . .      Spirit   .   l - +0 scale mail
rPois   .          Reflect  .   c - +0 hat
rElec   .          Harm     .   (no cloak)
rCorr   .          Rampage  .   (no gloves)
Will    .....                   (no boots)
Stlth   ..........              (no amulet)
HPRegen 0.15/turn               (no ring)
MPRegen 0.09/turn               (no ring)

@: no status effects
A: horns 2, retaliatory headbutt
a: Renounce Religion, Heroism


You were on level 4 of the Dungeon.
You worshipped Okawaru.
Okawaru was aware of your devotion.
You visited 1 branch of the dungeon, and saw 4 of its levels.

You collected 92 gold pieces.

Inventory:

Hand Weapons
 a - a +0 long sword (weapon)
Missiles
 d - 3 throwing nets (quivered)
Armour
 b - a +0 leather armour
 c - a +0 hat (worn)
 l - a +0 scale mail (worn)
Scrolls
 j - a scroll of vulnerability {unknown}
 m - a scroll of brand weapon {unknown}
 n - a scroll of identify {unknown}
 o - a scroll of magic mapping {unknown}
 p - a scroll of teleportation {unknown}
Potions
 e - a potion of resistance {unknown}
 f - 2 potions of curing {unknown}
 g - a potion of lignification {unknown}
 h - a potion of degeneration {unknown}
 i - a potion of invisibility {unknown}
 k - a potion of flight {unknown}
 q - a potion of haste {unknown}


   Skills:
 + Level 4.2 Fighting
 + Level 5.5 Long Blades
 + Level 2.0 Throwing
 + Level 2.7 Armour
 + Level 3.8 Dodging
 + Level 0.3 Stealth


You had 4 spell levels left.
You didn't know any spells.
Your spell library contained the following spells:

 Spells                   Type           Power      Damage    Failure   Level
 Apportation              Tloc           0%         N/A       80%         1
 Magic Dart               Conj           0%         1d3       80%         1
 Searing Ray              Conj           0%         2d4       91%         2
 Fulminant Prism          Conj/Hex       0%         3d6       100%        4


Dungeon Overview and Level Annotations

Branches:
Dungeon (4/15)
 Temple: D:4-7

Altars:
Okawaru


Innate Abilities, Weirdness & Mutations

You have a pair of horns on your head.
You reflexively headbutt those who attack you in melee.


Message History

The orc wizard hits you but does no damage.
The orc hits you with a +0 mace.
The endoplasm hits you but does no damage.
The orc closely misses you.
The orc wizard hits you with a +0 dagger.
The orc barely misses you.
You slash the orc wizard!
The orc wizard is severely wounded.
The orc hits you with a +0 mace. The orc hits you with a +3 flail.
The endoplasm freezes you.
You are frozen.
The orc closely misses you. The orc wizard closely misses you.
Found 13 gold pieces.
The orc wizard gestures at you while chanting.
The puff of flame hits you! The orc misses you.
You slash the orc wizard!
You kill the orc wizard!
Okawaru accepts your kill. The orc closely misses you.
The orc barely misses you. x2
You're too confused to move!
The orc hits you with a +3 flail.
* * * LOW HITPOINT WARNING * * *
The endoplasm hits you but does no damage.
The orc completely misses you. The orc hits you but does no damage.
You miss the orc. The orc barely misses you.
The endoplasm hits you but does no damage.
The orc barely misses you. x2
You feel less confused. The orc closely misses you.
The endoplasm closely misses you. The orc hits you with a +3 flail.
* * * LOW HITPOINT WARNING * * *
You slash the orc!
You kill the orc!
Okawaru accepts your kill. The endoplasm freezes you.
You are frozen.
* * * LOW HITPOINT WARNING * * *
The endoplasm freezes you.
You are frozen.
* * * LOW HITPOINT WARNING * * *
The orc hits you with a +0 mace.
You die...

..### ....### #..##
......#### ##...###
.........### #......##.
#..........#####.$.......
###...........##........#
####...................
##....)....J........
###......o@........
###....o.........
###............
#..##.........
....##.........
......#.........
..###...........# ..
#..###......#


You could see 2 orcs and an endoplasm.

Vanquished Creatures
  2 orc wizards
  Robin (D:3)
  2 adders (D:3)
  3 worms
  2 dart slugs
  12 orcs
  4 bats
  7 endoplasms
  5 giant cockroaches
  13 goblins
  12 hobgoblins
  17 jackals
  2 quokkas
  5 ball pythons
  4 frilled lizards
  5 kobolds
  7 rats
103 creatures vanquished.

Vanquished Creatures (others)
  2 fungi (D:2)
2 creatures vanquished.

Grand Total: 105 creatures vanquished

Notes
Turn   | Place    | Note
-------+----------+-------------------------------------------
     0 | D:1      | GigaChad the Minotaur Gladiator began the quest for the
                  | Orb.
     0 | D:1      | Reached XP level 1. HP: 18/18 MP: 0/0
   249 | D:1      | Reached skill level 4 in Long Blades
   249 | D:1      | Reached XP level 2. HP: 25/25 MP: 1/1
   476 | D:1      | Reached XP level 3. HP: 24/31 MP: 2/2
  1292 | D:2      | Reached skill level 1 in Armour
  1304 | D:2      | Found a faded altar of an unknown god.
  1336 | D:2      | Got Plato's Reference Book on Translocation
  1337 | D:2      | Prayed at the altar of an unknown god.
  1337 | D:2      | Became a worshipper of Warmaster Okawaru
  1337 | D:2      | Reached * piety under Okawaru
  1436 | D:2      | Reached XP level 4. HP: 38/38 MP: 3/3
  2031 | D:3      | Reached skill level 5 in Long Blades
  2433 | D:3      | Noticed Robin
  2455 | D:3      | Killed Robin
  2754 | D:3      | Reached XP level 5. HP: 45/46 MP: 4/4
  3581 | D:4      | HP: 1/46 [frozen (3)]
  3581 | D:4      | Slain by an orc

Illustrated notes

Levels and vault maps discovered:
D:1:      minmay_arrival_hallway, layout_loops_ring, minmay_misc_feat_columns
D:2:      layout_basic, shapermc_ecumenical_altar_rom_forum
D:3:      layout_loops_cross, kennysheep_generic_room_11, uniq_robin
D:4:      layout_cave_pods

Skill      XL: |  1  2  3  4  5 |
---------------+----------------+-----
Long Blades    | 4 5 |  5.5
Fighting       | 3 4 |  4.2
Armour         | 1 2 |  2.7
Throwing       | |  2.0
Dodging        | |  3.8
Stealth        | |  0.3

Action                   |  1- 3 |  4- 6 || total
-------------------------+-------+-------++-------
Melee: Long sword        |    94 |   116 ||   210
       Headbutt          |     8 |    13 ||    21
       Punch             |     3 |     3 ||     6
Armor: Leather armour    |    17 |       ||    17
       Scale mail        |     9 |    71 ||    80
Dodge: Dodged            |    76 |   101 ||   177
